 Dungeon Crawl Stone Soup version 0.29.0-4-gdea44cf6ec (webtiles) character file.

Game seed: 17471574228160858291

24 qw the Sneak (level 3, -24/23 HPs)
             Began as a Gargoyle Delver on Sept 10, 2022.
             Killed from afar by Ijyb (25 damage)
             ... with a bolt of acid
             ... on level 5 of the Dungeon.
             The game lasted 00:00:05 (505 turns).

qw the Sneak (Gargoyle Delver)                       Turns: 505, Time: 00:00:05

Health: -24/23     AC:  2    Str: 17    XL:     3   Next: 2%
Magic:  3/3        EV: 11    Int: 10    God:
Gold:   18         SH:  0    Dex: 11    Spells: 2/2 levels left

rFire   . . .      SeeInvis .   a - +0 hand axe
rCold   . . .      Faith    .   (no shield)
rNeg    + . .      Spirit   .   b - +0 leather armour
rPois   inf        Reflect  .   (no helmet)
rElec   +          Harm     .   (no cloak)
rCorr   .          Rampage  .   (no gloves)
Will    .....                   (no boots)
Stlth   +++.......              (no amulet)
HPRegen 0.07/turn               (no ring)
MPRegen 0.08/turn               (no ring)

@: corroded
A: sickness immunity, AC +3, negative energy resistance 1, electricity
resistance, torment resistance 1, petrification resistance
a: no special abilities


You were on level 5 of the Dungeon.
You visited 1 branch of the dungeon, and saw 1 of its levels.

You collected 18 gold pieces.


Innate Abilities, Weirdness & Mutations

You are immune to sickness and miasma.
Your stone body is resilient. (AC +3)
You are immune to poison.
You resist negative energy. (rN+)
You are resistant to electric shocks. (rElec)
You are resistant to unholy torment.
You are immune to petrification.


   Skills:
 - Level 3.2 Fighting
 + Level 3.1 Axes
 - Level 1.5 Dodging
 - Level 5.4 Stealth


You had 2 spell levels left.
You didn't know any spells.
Your spell library was empty.

Inventory:

Hand Weapons
 a - a +0 hand axe (weapon)
Armour
 b - a +0 leather armour (worn)
Wands
 g - a wand of digging (3)
Scrolls
 c - a scroll of fog
 d - a scroll of magic mapping
 e - a scroll of fear
 h - a scroll of vulnerability {unknown}
 i - 2 scrolls of identify {unknown}
Potions
 f - a potion of haste

Dungeon Overview and Level Annotations

Branches:
Dungeon (5/15)
 Temple: D:4-7

Altars:

Annotations:
D:5 2 transporters, Ijyb


Message History

Ijyb zaps a wand.
The bolt of acid misses you.
You barely miss Ijyb.
Ijyb is lightly wounded.
Ijyb closely misses you.
You barely miss Ijyb.
Ijyb is lightly wounded.
Ijyb hits you with a +0 club.
You hit Ijyb but do no damage.
Ijyb is lightly wounded.
Ijyb zaps a wand.
The bolt of acid misses you.
You closely miss Ijyb.
Ijyb is lightly wounded.
Ijyb hits you with a +0 club. Ijyb completely misses you.
You hit Ijyb but do no damage.
Ijyb is lightly wounded.
Ijyb closely misses you.
You hit Ijyb but do no damage. Your punch misses Ijyb.
Ijyb is lightly wounded.
Ijyb barely misses you.
You closely miss Ijyb.
Ijyb is lightly wounded.
Ijyb closely misses you.
You barely miss Ijyb.
Ijyb is lightly wounded.
Ijyb hits you but does no damage.
You hit Ijyb but do no damage.
Ijyb is lightly wounded.
Ijyb screams, "Die!"
Ijyb closely misses you.
You hit Ijyb but do no damage.
Ijyb is lightly wounded.
Ijyb closely misses you.
You completely miss Ijyb.
Ijyb is lightly wounded.
Ijyb closely misses you.
You barely miss Ijyb.
Ijyb is lightly wounded.
Ijyb hits you with a +0 club.
Ijyb zaps a wand.
The bolt of acid hits you!!
Ouch! That really hurt!
You die...

### #####.....
#.@g.# #.##.# ###.#
# #...##.####...##
#######.##.#....^...
#............#######
#.#####......#8.^.8#
#.# #......#P.!.P#
#.#####......###+###


You could see Ijyb.

Vanquished Creatures
  An iguana (D:5)
1 creature vanquished.

Notes
Turn   | Place    | Note
-------+----------+-------------------------------------------
     0 | D:5      | qw the Gargoyle Delver began the quest for the Orb.
     0 | D:5      | Reached XP level 1. HP: 14/14 MP: 1/1
     0 | D:5      | 0 ||| qw: Version: 0.1-a-117-gfe26ee0
     0 | D:5      | 0 ||| qw: Game counter: 9686
     0 | D:5      | 0 ||| qw: Always use a shield: true
     0 | D:5      | 0 ||| qw: God list: Okawaru
     0 | D:5      | 0 ||| qw: Allow faded altars: false
     0 | D:5      | 0 ||| qw: Do Orc after D:15 true
     0 | D:5      | 0 ||| qw: Do second Lair branch before Depths: true
     0 | D:5      | 0 ||| qw: Lair rune preference: random
     0 | D:5      | 0 ||| qw: Plans: Normal
     0 | D:5      | 0 ||| PLANNING D:1-11
    21 | D:5      | Found a transporter.
    53 | D:5      | Noticed an iguana
    70 | D:5      | Killed an iguana
    71 | D:5      | Reached skill level 3 in Axes
    71 | D:5      | Reached XP level 2. HP: 9/19 MP: 2/2
    71 | D:5      | Reached XP level 3. HP: 11/23 MP: 3/3
   257 | D:5      | Found a transporter.
   286 | D:5      | Noticed Ijyb
   287 | D:5      | 287 ||| Stepping ~*~*~tactically~*~*~ (hiding).
   389 | D:5      | 389 ||| Stepping ~*~*~tactically~*~*~ (hiding).
   497 | D:5      | HP: 5/23 [Ijyb/+0 club (2)]
   505 | D:5      | HP: 1/23 [Ijyb/+0 club (4)]
   505 | D:5      | Killed from afar by Ijyb

Levels and vault maps discovered:
D:5:      gammafunk_steamed_eel, layout_basic, lemuel_crystal_altar,
          mainiacjoe_overflow_surrounded_room, uniq_ijyb

Skill      XL: |  1 |
---------------+----+-----
Axes           | 3 |  3.1
Fighting       | |  3.2
Dodging        | |  1.5
Stealth        | |  5.4

Action                   || total
-------------------------++-------
Melee: Hand axe          ||    23
Armor: Leather armour    ||     1
Dodge: Dodged            ||    18

Table legend:
 A = Non-vault XP
 B = Vault XP
 C = Vault XP percentage of total XP
 D = Non-vault monster count
 E = Vault monster count
 F = Vault count percentage of total count
                 A         B        C        D         E       F
            +---------+---------+-------+---------+---------+-------
      Total |      35 |       0 |   0.0 |       1 |       0 |   0.0
            +---------+---------+-------+---------+---------+-------
        D:5 |      35 |       0 |   0.0 |       1 |       0 |   0.0
            +---------+---------+-------+---------+---------+-------
